 Dungeon Crawl Stone Soup version 0.26.1-2-gb8aa6d0cf2 (webtiles) character file.

Game seed: 12653558399193175449

508 Goaboa the Skirmisher (level 7, -6/64 HPs)
             Began as a Hill Orc Monk on Feb 12, 2021.
             Mangled by Duvessa
             ... wielding a +0 rapier
              (8 damage)
             ... on level 4 of the Dungeon.
             The game lasted 00:31:46 (2941 turns).

Goaboa the Skirmisher (Hill Orc Monk)               Turns: 2941, Time: 00:31:46

Health: -6/64      AC:  8    Str: 15 (16) XL:     7   Next: 18%
Magic:  7/7        EV: 11    Int:  7 (10) God:
Gold:   169        SH:  4    Dex: 12 (13) Spells: 6/6 levels left

rFire    . . .     SeeInvis .   k - +1 war axe (elec)
rCold    . . .     Faith    .   h - +0 buckler
rNeg     + . .     Spirit   .   g - +0 ring mail
rPois    +         Reflect  .   m - +2 helmet
rElec    .         Harm     .   (no cloak)
rCorr    .         Rampage  .   (no gloves)
Will     .....                  (no boots)
Stlth    +.........             n - amulet of the acrobat
HPRegen  0.20/turn              i - ring of positive energy
MPRegen  0.10/turn              s - ring of poison resistance

@: no status effects
A: no striking features
a: no special abilities


You were on level 4 of the Dungeon.
You visited 1 branch of the dungeon, and saw 4 of its levels.

You collected 169 gold pieces.

Inventory:

Hand Weapons
 a - a +0 hand axe
 j - a +1 hand axe of flaming
 k - a +1 war axe of electrocution (weapon)
 q - a +2 whip of holy wrath
Armour
 b - a +0 robe
 g - a +0 ring mail (worn)
 h - a +0 buckler (worn)
 m - a +2 helmet (worn)
Jewellery
 i - a ring of positive energy (left hand)
 n - an amulet of the acrobat (around neck)
 s - a ring of poison resistance (right hand)
Scrolls
 c - 2 scrolls of remove curse {unknown}
 d - a scroll of fear {unknown}
 e - 2 scrolls of identify {unknown}
 l - 3 scrolls of amnesia {unknown}
 o - a scroll of teleportation {unknown}
 p - a scroll of magic mapping {unknown}
 t - a scroll of random uselessness {unknown}
Potions
 f - 3 potions of curing


   Skills:
 * Level 6.5 Fighting
 + Level 6.1 Axes
 + Level 3.4 Armour
 - Level 2.4 Dodging
 - Level 1.5 Stealth
 + Level 2.9 Shields


You had 6 spell levels left.
You didn't know any spells.
Your spell library contained the following spells:

 Spells                   Type           Power        Failure   Level
 Magic Dart               Conj           0%           69%         1
 Summon Small Mammal      Summ           0%           69%         1
 Blink                    Tloc           N/A          83%         2
 Call Imp                 Summ           0%           83%         2
 Slow                     Hex            0%           83%         2
 Call Canine Familiar     Summ           0%           96%         3
 Conjure Flame            Conj/Fire      0%           96%         3
 Mephitic Cloud           Conj/Pois/Air  0%           96%         3
 Summon Guardian Golem    Hex/Summ       0%           96%         3
 Summon Ice Beast         Ice/Summ       0%           100%        4
 Summon Lightning Spire   Summ/Air       0%           100%        4


Dungeon Overview and Level Annotations

Branches:
Dungeon (4/15)
 Temple: D:4-7

Altars:

Annotations:
D:2 Sigmund
D:4 Duvessa


Message History

You feel better. Duvessa hits you with a +0 rapier!
* * * LOW HITPOINT WARNING * * *
Duvessa hits you with a +0 rapier!
* * * LOW HITPOINT WARNING * * *
The goblin hits you.
* * * LOW HITPOINT WARNING * * *
You hit Duvessa but do no damage.
Duvessa is lightly wounded.
You hit the goblin. Lightning courses through the goblin!
You kill the goblin!
You block Duvessa's attack.
You hit Duvessa. Lightning courses through Duvessa!
Duvessa is heavily wounded.
Duvessa hits you with a +0 rapier.
* * * LOW HITPOINT WARNING * * *
Duvessa completely misses you.
You completely miss Duvessa.
Duvessa is heavily wounded.
You closely miss the goblin. Duvessa hits you with a +0 rapier!
You die...

..#
..################
.................##
....#####.##..##..#
..................#
.....#####.P####..#
###### #..# #..#
..#.)# .K..# #e)#
..#..#####e.##+#@.#
#)#'##.........)g.#
..e...............#
.........#+###.P(.#
#)##..#+## #+##.#
#..#..# #.# #..#.P#
#.# ####..#########
.# ...............


You could see Duvessa (berserk) and a goblin.

Vanquished Creatures
  Grinder (D:3)
  Dowan (D:4)
  An orc priest (D:4)
  2 orc wizards
  2 worker ants (D:4)
  4 adders
  3 oozes
  A dart slug (D:3)
  4 leopard geckos
  8 orcs
  9 bats
  2 giant cockroaches
  8 goblins
  13 hobgoblins
  2 jackals (D:2)
  3 quokkas
  A frilled lizard (D:1)
  11 kobolds
  8 rats
84 creatures vanquished.

Vanquished Creatures (others)
  2 plants (D:4)
2 creatures vanquished.

Grand Total: 86 creatures vanquished

Notes
Turn   | Place    | Note
-------+----------+-------------------------------------------
     0 | D:1      | Goaboa the Hill Orc Monk began the quest for the Orb.
     0 | D:1      | Reached XP level 1. HP: 19/19 MP: 1/1
   174 | D:1      | Reached XP level 2. HP: 27/27 MP: 2/2
   219 | D:1      | Reached skill level 1 in Armour
   456 | D:1      | Reached XP level 3. HP: 33/33 MP: 3/3
  1314 | D:2      | Noticed Sigmund
  1370 | D:3      | Reached XP level 4. HP: 41/41 MP: 4/4
  1492 | D:3      | Reached skill level 1 in Shields
  1812 | D:3      | Noticed Grinder
  1819 | D:3      | Paralysed by Grinder for 6 turns
  1835 | D:2      | Reached skill level 5 in Axes
  2142 | D:3      | Killed Grinder
  2143 | D:3      | Reached skill level 5 in Fighting
  2143 | D:3      | Reached XP level 5. HP: 45/50 MP: 5/5
  2143 | D:3      | Reached XP level 6. HP: 52/57 MP: 6/6
  2716 | D:4      | Reached XP level 7. HP: 48/64 MP: 7/7
  2889 | D:4      | Noticed Duvessa
  2891 | D:4      | Noticed Dowan
  2935 | D:4      | Killed Dowan
  2938 | D:4      | HP: 3/64 [goblin[Robin] (4)]
  2941 | D:4      | Mangled by Duvessa

Illustrated notes

Levels and vault maps discovered:
D:1:      heliophobic_arrival_dark_side_of_the_moon, layout_basic, serial_glass,
          glass_columns_a, glass_columns_b, glass_columns_c, glass_columns_a,
          glass_columns_c
D:2:      layout_basic, uniq_sigmund
D:3:      layout_rooms, uniq_grinder
D:4:      corexii_shack_village, layout_cave_pools, uniq_robin, uniq_ijyb,
          uniq_duvessa

Skill      XL: |  1  2  3  4  5  6  7 |
---------------+----------------------+-----
Armour         | 1 2 3 |  3.4
Fighting       | 4 5 6 |  6.5
Shields        | 2 |  2.9
Axes           | 5 6 |  6.1
Dodging        | |  2.4
Stealth        | |  1.5

Action                   |  1- 3 |  4- 6 |  7- 9 || total
-------------------------+-------+-------+-------++-------
Melee: Hand axe          |   123 |    46 |       ||   169
       War axe           |       |    84 |    15 ||    99
  Use: Potion            |       |     3 |     2 ||     5
 Stab: Sleeping          |     1 |       |       ||     1
Armor: Robe              |    17 |       |       ||    17
       Ring mail         |    11 |    46 |     3 ||    60
Dodge: Dodged            |    91 |    85 |     8 ||   184
Block: Buckler           |     7 |    29 |     4 ||    40
